 Dungeon Crawl Stone Soup version 0.24.0-13-gcf9b319 (webtiles) character file.

Game seed: 3862225667202977929, levelgen mode: deterministic

11592 2bobheroes the Spear-Bearer (level 11, -6/72 HPs)
             Began as a Tengu Fighter on Jan 30, 2020.
             Was a Believer of Fedhas.
             Mangled by a komodo dragon (26 damage)
             ... on level 1 of the Lair of Beasts.
             The game lasted 00:48:01 (12971 turns).

2bobheroes the Spear-Bearer (Tengu Fighter)        Turns: 12971, Time: 00:48:01

Health: -6/72      AC:  5    Str: 19    XL:     11   Next: 80%
Magic:  12/12      EV: 19    Int:  8    God:    Fedhas [**....]
Gold:   514        SH:  0    Dex: 15    Spells: 10/10 levels left

rFire    . . .     SeeInvis .   q - +0 glaive
rCold    + . .     Gourm    .   (shield currently unavailable)
rNeg     . . .     Faith    .   I - +0 troll leather armour
rPois    .         Spirit   .   (helmet restricted)
rElec    .         Reflect  .   (no cloak)
rCorr    .         Harm     .   (no gloves)
MR       +....                  (boots unavailable)
Stlth    ++........             (no amulet)
HPRegen  0.62/turn              N - ring of protection from magic
MPRegen  0.13/turn              L - ring of protection from cold

@: flying quickly and evasively, quick
A: beak, talons 3, able to fly
a: Stop Flying, Wall of Briars, Renounce Religion


You were on level 1 of the Lair of Beasts.
You worshipped Fedhas.
Fedhas was pleased with you.
You were not hungry.

You visited 3 branches of the dungeon, and saw 14 of its levels.

You collected 799 gold pieces.
You spent 285 gold pieces at shops.

Inventory:

Hand Weapons
 d - a +2 vampiric trident
 e - a +0 double sword
 h - a +2 war axe of draining
 i - a +0 halberd
 o - a +0 hunting sling
 q - a +0 glaive (weapon)
 v - a +4 dagger of freezing
 H - a +0 shortbow of freezing
 J - a +0 great sword
Missiles
 b - 9 silver boomerangs
 l - 80 sling bullets
 n - 312 stones
 s - 77 bolts
 w - 331 arrows
 x - 13 poisoned darts (quivered)
 z - 8 boomerangs
 F - a throwing net
Armour
 c - a +3 shield
 I - a +0 troll leather armour (worn)
 M - a +0 plate armour
 P - a +2 robe of the Archmagi
Jewellery
 g - an uncursed ring of resist corrosion
 C - an uncursed ring of ice
 L - a ring of protection from cold (right hand)
 N - a ring of protection from magic (left hand)
Wands
 D - a wand of scattershot (4)
 E - a wand of digging (5)
 K - a wand of paralysis (11)
 U - a wand of iceblast (7)
Scrolls
 k - 2 scrolls of amnesia
 p - a scroll of fog
 r - 2 scrolls of teleportation
 t - 9 scrolls of remove curse
 u - 5 scrolls of blinking
 y - 3 scrolls of magic mapping
 A - a scroll of immolation {unknown}
 G - 3 scrolls of enchant weapon {unknown}
 S - a scroll of torment {unknown}
 T - a scroll of fear {unknown}
Potions
 j - a potion of brilliance
 m - 2 potions of flight
 B - a potion of mutation
 O - a potion of degeneration {unknown}
 Q - 2 potions of resistance {unknown}
 R - 4 potions of heal wounds
Comestibles
 f - 21 rations


   Skills:
 - Level 10.1 Fighting
 * Level 11.0 Polearms
 - Level 8.1 Armour
 - Level 7.3 Dodging
 - Level 3.6 Stealth
 - Level 7.5 Shields


You had 10 spell levels left.
You didn't know any spells.
Your spell library contained the following spells:

 Spells                   Type           Power        Failure   Level  Hunger
 Animate Skeleton         Necr           N/A          45%         1    ##.....
 Beastly Appendage        Tmut           #.....       45%         1    ##.....
 Pain                     Necr           #...         45%         1    ##.....
 Sting                    Conj/Pois      #...         45%         1    ##.....
 Poisonous Vapours        Pois/Air       #.....       58%         2    ###....
 Sticks to Snakes         Tmut           #.......     58%         2    ###....
 Mephitic Cloud           Conj/Pois/Air  #.......     83%         3    ####...
 Regeneration             Chrm/Necr      #.........   83%         3    ####...
 Spider Form              Tmut/Pois      #.........   83%         3    ####...
 Vampiric Draining        Necr           #.........   83%         3    ####...
 Animate Dead             Necr           N/A          99%         4    #####..
 Ice Form                 Ice/Tmut       #.......     99%         4    #####..
 Olgreb's Toxic Radiance  Pois           #.......     99%         4    #####..
 Blade Hands              Tmut           #.........   100%        5    ######.
 Bolt of Magma            Conj/Fire/Erth #.........   100%        5    ######.
 Iskenderun's Battlesphe  Conj/Chrm      #.......     100%        5    ######.
 Venom Bolt               Conj/Pois      #.........   100%        5    ######.
 Iron Shot                Conj/Erth      #.........   100%        6    #######
 Orb of Destruction       Conj           #.........   100%        7    #######
 Spellforged Servitor     Conj/Summ      #.........   100%        7    #######


Dungeon Overview and Level Annotations

Branches:
Dungeon (12/15)            Temple (1/1) D:5            Lair (1/6) D:11
    Orc (0/2) D:11

Altars:
Ashenzari
Cheibriados
Dithmenos
Elyvilon
Fedhas
Gozag
Hepliaklqana
Kikubaaqudgha
Makhleb
Nemelex Xobeh
Okawaru
Qazlal
Ru
Sif Muna
Trog
Uskayaw
Vehumet
Wu Jian
Xom
Yredelemnul
Zin
The Shining One
Beogh

Shops:
D:9 ?

Annotations:
D:6 3 runed translucent doors, gargbit's ghost, amateur FeCj
D:8 3 runed translucent doors, ProfFrink's ghost, novice MiFi
Temple Prince Ribbit


Innate Abilities, Weirdness & Mutations

You have a beak for a mouth.
You have claws for feet.
You can fly continuously.


Message History

You barely miss the komodo dragon.
The komodo dragon is heavily wounded.
The komodo dragon bites you!!
You closely miss the komodo dragon.
The komodo dragon is moderately wounded.
The komodo dragon closely misses you.
You slash the komodo dragon!
The komodo dragon is severely wounded.
The komodo dragon misses you. The komodo dragon bites you.
You barely miss the komodo dragon. You claw the komodo dragon.
You peck the komodo dragon.
The komodo dragon is severely wounded.
The komodo dragon bites you.
* * * LOW HITPOINT WARNING * * *
You barely miss the komodo dragon.
You claw the komodo dragon, but do no damage.
The komodo dragon is severely wounded.
The komodo dragon bites you!!
You die...
Fedhas appreciates your contribution to the ecosystem.

##
#.###
#...#
#..<#
#.@.#
#.l.#
#...#
##..#
#..#
....
...##
#..##
#...


You could see a komodo dragon.

Vanquished Creatures
  2 two-headed ogres
  A wizard (D:10)
  3 trolls (D:11)
  A queen bee (D:8)
  2 hippogriffs
  A wyvern (D:9)
  A hungry ghost (D:10)
  5 yaks (D:11)
  Menkaure (D:5)
  4 porcupines (D:11)
  8 orc warriors
  3 phantoms
  A sky beast (D:7)
  3 black bears
  An ice beast (D:5)
  5 ogres
  An eye of draining (D:11)
  4 wolves (D:11)
  8 centaurs
  3 crocodiles (D:11)
  A big kobold (D:8)
  5 bullfrogs
  A wyvern skeleton (D:10)
  2 scorpions (D:11)
  A water moccasin skeleton (D:8)
  24 killer bees
  12 wights
  5 howler monkeys
  A jelly (D:6)
  10 crimson imps
  A bullfrog zombie (D:9)
  8 orc priests
  3 hounds
  4 iguanas
  Ijyb (D:4)
  7 orc wizards
  6 worker ants
  Terence (D:2)
  3 hound zombies
  A howler monkey zombie (D:5)
  A worker ant zombie (D:9)
  13 adders
  A howler monkey skeleton (D:7)
  A shadow imp (D:8)
  An ooze (D:4)
  An adder skeleton (D:6)
  A dart slug (D:3)
  2 leopard geckos
  51 orcs
  6 giant cockroaches
  5 goblins
  14 hobgoblins
  10 jackals
  2 quokkas
  A ball python (D:2)
  4 bats
  5 frilled lizards
  12 kobolds
  2 leopard gecko skeletons
  A quokka zombie (D:8)
  9 rats
  A plant (D:2)
299 creatures vanquished.

Vanquished Creatures (others)
  A bush (D:11)
  2 fungi (D:11)
  12 plants
15 creatures vanquished.

Grand Total: 314 creatures vanquished

Notes
Turn   | Place    | Note
-------+----------+-------------------------------------------
     0 | D:1      | 2bobheroes the Tengu Fighter began the quest for the Orb.
     0 | D:1      | Reached XP level 1. HP: 14/14 MP: 2/2
   184 | D:1      | Reached XP level 2. HP: 19/19 MP: 3/3
   957 | D:2      | Reached XP level 3. HP: 19/23 MP: 4/4
  1087 | D:2      | Noticed Terence
  1094 | D:2      | Killed Terence
  1156 | D:2      | Reached skill level 3 in Polearms
  1159 | D:2      | Reached skill level 1 in Dodging
  1186 | D:2      | Reached XP level 4. HP: 28/28 MP: 5/5
  1342 | D:2      | Found a shattered altar of Ashenzari.
  1344 | D:2      | Found a white marble altar of Elyvilon.
  2018 | D:3      | Gained mutation: You can fly continuously. [Tengu growth]
  2018 | D:3      | Reached XP level 5. HP: 33/33 MP: 6/6
  2704 | D:4      | Noticed Ijyb
  2747 | D:4      | Killed Ijyb
  2822 | D:4      | Reached skill level 4 in Polearms
  2822 | D:4      | Reached XP level 6. HP: 38/38 MP: 7/7
  2882 | D:4      | Noticed a +0 hand axe
  2882 | D:4      | Noticed a +0 dagger
  2887 | D:4      | Found a hide-covered altar of Uskayaw.
  3281 | D:5      | Entered Level 5 of the Dungeon
  3315 | D:5      | Noticed an ice beast
  3385 | D:5      | Killed an ice beast
  3385 | D:5      | Reached XP level 7. HP: 41/44 MP: 6/8
  3430 | D:5      | Found a staircase to the Ecumenical Temple.
  3439 | D:5      | Noticed Prince Ribbit
  3448 | Temple   | Entered the Ecumenical Temple
  3832 | D:5      | Reached skill level 5 in Fighting
  3917 | D:5      | Found a burning altar of Makhleb.
  3917 | D:5      | Found a radiant altar of Vehumet.
  3917 | D:5      | Noticed Menkaure
  3927 | D:5      | Killed Menkaure
  3927 | D:5      | Reached skill level 5 in Polearms
  4261 | D:5      | Found a shimmering blue altar of Sif Muna.
  4551 | D:6      | Found a runed translucent gate.
  4551 | D:6      | Found a runed translucent gate.
  4596 | D:6      | Found a shadowy altar of Dithmenos.
  4710 | D:6      | Reached XP level 8. HP: 49/51 MP: 9/9
  4722 | D:6      | Reached skill level 5 in Armour
  4791 | D:6      | Reached skill level 6 in Polearms
  4876 | D:6      | Found a glowing golden altar of the Shining One.
  5088 | D:6      | Found a runed translucent gate.
  5089 | D:6      | Noticed a hippogriff
  5089 | D:6      | Noticed gargbit's ghost (amateur FeCj)
  5947 | D:7      | Reached skill level 5 in Shields
  5988 | D:7      | Reached XP level 9. HP: 39/56 MP: 10/10
  6163 | D:7      | Reached skill level 7 in Polearms
  7087 | D:8      | Found a runed translucent gate.
  7088 | D:8      | Found a runed translucent gate.
  7089 | D:8      | Found a runed translucent gate.
  7089 | D:8      | Found an opulent altar of Gozag.
  7091 | D:8      | Noticed a frost giant
  7091 | D:8      | Noticed ProfFrink's ghost (novice MiFi)
  7124 | D:8      | Found an ancient bone altar of Kikubaaqudgha.
  7448 | D:9      | Reached skill level 5 in Dodging
  7523 | D:8      | Reached skill level 8 in Polearms
  7658 | D:8      | HP: 2/59 [killer bee (8)]
  7998 | D:8      | Reached XP level 10. HP: 44/64 MP: 11/11
  8904 | D:9      | Found Rasiw's Magic Scroll Shop.
  8928 | D:9      | Bought a scroll of magic mapping for 45 gold pieces
  8928 | D:9      | Bought a scroll of identify for 26 gold pieces
  8928 | D:9      | Bought a scroll of enchant armour for 97 gold pieces
  8928 | D:9      | Bought a scroll of teleportation for 39 gold pieces
  8928 | D:9      | Bought a scroll of teleportation for 39 gold pieces
  8928 | D:9      | Bought a scroll of teleportation for 39 gold pieces
  8986 | D:9      | Found a sacrificial altar of Ru.
  9060 | D:9      | Noticed a two-headed ogre
  9065 | D:9      | Killed a two-headed ogre
  9065 | D:9      | Reached skill level 9 in Polearms
  9761 | D:9      | Found a blossoming altar of Fedhas.
  9937 | D:9      | Reached skill level 1 in Stealth
  9979 | D:9      | Became a worshipper of Fedhas Madash
 10347 | D:10     | Entered Level 10 of the Dungeon
 10560 | D:10     | Noticed a wizard
 10578 | D:10     | Killed a wizard
 10578 | D:10     | Reached XP level 11. HP: 53/71 MP: 12/12
 10676 | D:10     | Reached skill level 10 in Polearms
 11193 | D:11     | Reached * piety under Fedhas
 11508 | D:11     | Found a staircase to the Lair.
 11770 | D:11     | You are sucked into a shaft and drop 1 floor!
 11806 | D:12     | Noticed a two-headed ogre
 11844 | D:12     | Killed a two-headed ogre
 11850 | D:12     | Noticed a deep elf mage
 12057 | D:11     | Reached skill level 10 in Fighting
 12221 | D:11     | Noticed a brown ugly thing
 12392 | D:11     | Reached ** piety under Fedhas
 12552 | D:11     | Found a roughly hewn altar of Beogh.
 12552 | D:11     | Found a staircase to the Orcish Mines.
 12854 | D:11     | Reached skill level 11 in Polearms
 12952 | Lair:1   | Entered Level 1 of the Lair of Beasts
 12971 | Lair:1   | Mangled by a komodo dragon

Levels and vault maps discovered:
D:1:      dpeg_arrival_windows_large_door, layout_loops_ring, serial_forest,
          infiniplex_forest_lined_corner, infiniplex_forest_straight_2,
          infiniplex_forest_lined_2, infiniplex_forest_clump_small,
          infiniplex_forest_clump_curved, infiniplex_forest_pool,
          minmay_fountain_box
D:2:      layout_rooms, nicolae_overflow_hidden_temple,
          minmay_misc_feat_four_crosses, serial_bayou_lagoon_a,
          chequers_mini_garden, uniq_terence
D:3:      layout_basic
D:4:      layout_loops_ring, dancing_weapons_uskayaw, uniq_ijyb
D:5:      layout_loops_ring, grunt_temple_overflow_lords_of_destruction,
          nicolae_overflow_crystal_walls, minmay_temple_entry_ruins,
          first_ration, uniq_menkaure, uniq_prince_ribbit1
D:6:      layout_basic, lemuel_doored_altar, basic_altar, gammafunk_ghost_split
D:7:      layout_basic
D:8:      layout_basic, marbit_many_paths, ebering_ghost_gozag, david_nohive_1,
          minmay_misc_feat_plants, wad_dig_loot
D:9:      layout_gridville, fedhas_ov_isle_minmay, nicolae_ru_awakened_eye,
          serial_shops, shop, serial_co_window_serial,
          co_window_of_opportunity_a, co_window_corner_a, co_window_paths_a,
          co_window_of_opportunity_a, co_window_paths_b,
          co_window_of_opportunity_b, co_window_cross_2, co_window_broadway_c,
          co_window_unsneaky_path_a, co_window_corner_b
D:10:     layout_rooms, minmay_librarian
D:11:     layout_loops_ring, minmay_lair_entry_grove, david_orc_5
D:12:     layout_stronghold, enter_trove_0, serial_shops, shop_statue,
          uniq_sonja, uniq_urug
Temple:   minmay_temple_bridge_abc
Lair:1:   layout_concentric_octagons, cheibrodos_lair_lostbears,
          grunt_megastairs_5

Skill      XL: |  1  2  3  4  5  6  7  8  9 10 11 |
---------------+----------------------------------+-----
Polearms       | 3 4 5 6 8 9 11 | 11.0
Dodging        | 1 2 3 4 5 6 7 |  7.3
Fighting       | 4 5 6 8 9 10 | 10.1
Armour         | 4 5 6 7 8 |  8.1
Shields        | 4 5 6 7 |  7.5
Stealth        | 2 3 |  3.6

Action                   |  1- 3 |  4- 6 |  7- 9 | 10-12 || total
-------------------------+-------+-------+-------+-------++-------
Melee: Trident           |    69 |   162 |   359 |   573 ||  1163
       Kick              |    11 |    37 |    98 |   169 ||   315
       Peck              |     7 |    23 |    59 |   117 ||   206
       Glaive            |       |       |       |    63 ||    63
Throw: Dart              |       |       |     2 |     1 ||     3
 Abil: Fly               |       |     1 |       |       ||     1
  Use: Potion            |       |     4 |     7 |     1 ||    12
       Scroll            |       |       |     4 |    10 ||    14
 Stab: Invisible         |       |       |       |     6 ||     6
       Distracted        |       |       |       |     2 ||     2
  Eat: Chunk             |     1 |     7 |    14 |    14 ||    36
       Ration            |       |       |       |     1 ||     1
Armor: Scale mail        |    21 |    34 |    62 |    53 ||   170
       Troll leather arm |       |       |       |     6 ||     6
Dodge: Dodged            |    18 |    33 |   128 |   225 ||   404
Block: Shield            |    26 |    52 |   142 |   307 ||   527
